3025 views
Uploaded 2020-04-17 12:47:04
Game version 1.32.3
34:15 long 2on2 ladder game on (4)TwistedMeadows
Saved by zebroni
3025 views
Uploaded 2020-04-17 12:47:04
Game version 1.32.3
34:15 long 2on2 ladder game on (4)TwistedMeadows
137 units @ 21.1k
/ 2.7k
35 buildings @ 4.9k
/ 1.8k


| Scroll of Regeneration | 5 | 500 |
| Lesser Clarity Potion | 4 | 280 |
| Potion of Healing | 3 | 450 |
| Potion of Mana | 1 | 200 |
| Dust of Appearance | 1 | 75 |
| Scroll of Healing | 3 | 750 |
| Scroll of Town Portal | 8 | 2800 |
| Potion of Lesser Invulnerability | 2 | 300 |
| total: | 27 | 5355g |
| Peasant | 33 | 2475 | / | 0 |
| Footman | 6 | 810 | / | 0 |
| Sorceress | 3 | 465 | / | 60 |
| Priest | 7 | 945 | / | 70 |
| Spell Breaker | 21 | 4515 | / | 630 |
| Forest Troll Shadow Priest | 4 | 780 | / | 40 |
| total: | 74 | 9990g | / | 800w |
| Scout Tower | 2 | 60 | / | 40 |
| Arcane Tower | 3 | 210 | / | 150 |
| Altar of Kings | 1 | 180 | / | 50 |
| Farm | 8 | 640 | / | 160 |
| Barracks | 1 | 160 | / | 60 |
| Arcane Vault | 2 | 260 | / | 60 |
| Town Hall | 1 | 385 | / | 205 |
| Arcane Sanctum | 2 | 300 | / | 280 |
| Keep | 2 | 640 | / | 420 |
| total: | 17 | 1985g | / | 855w |
| 0:05 | Peasant |
| 0:09 | Altar of Kings |
| 0:16 | Peasant |
| 0:21 | Farm |
| 0:24 | Barracks |
| 0:31 | Peasant |
| 0:40 | Peasant |
| 0:46 | Peasant |
| 0:56 | Farm |
| 1:04 | Peasant |
| 1:26 | Footman |
| 1:40 | Peasant |
| 1:43 | Farm |
| 1:50 | Footman |
| 2:02 | Peasant |
| 2:08 | Footman |
| 2:16 | Summon Water Elemental |
| 2:27 | Forest Troll Shadow Priest |
| 2:27 | Forest Troll Shadow Priest |
| 2:27 | Forest Troll Shadow Priest |
| 2:27 | Forest Troll Shadow Priest |
| 2:43 | Peasant |
| 2:54 | Footman |
| 2:55 | Peasant |
| 3:38 | Keep |
| 3:45 | Arcane Vault |
| 4:10 | Footman |
| 4:12 | Brilliance Aura |
| 4:27 | Farm |
| 4:43 | Scroll of Regeneration |
| 4:45 | Lesser Clarity Potion |
| 4:50 | Scout Tower |
| 4:52 | Farm |
| 4:59 | Footman |
| 5:18 | Defend |
| 5:19 | Arcane Tower |
| 6:19 | Dust of Appearance |
| 6:28 | Summon Water Elemental |
| 6:37 | Arcane Sanctum |
| 7:00 | Arcane Sanctum |
| 7:23 | Lesser Clarity Potion |
| 7:23 | Scroll of Regeneration |
| 7:30 | Farm |
| 7:33 | Storm Bolt |
| 7:37 | Sorceress |
| 7:39 | Priest |
| 8:02 | Sorceress |
| 8:02 | Priest |
| 8:27 | Priest |
| 8:44 | Scroll of Regeneration |
| 8:57 | Spell Breaker |
| 9:22 | Spell Breaker |
| 9:44 | Spell Breaker |
| 9:51 | Thunder Clap |
| 10:37 | Spell Breaker |
| 10:43 | Farm |
| 10:54 | Control Magic |
| 10:56 | Priest Adept Training |
| 10:56 | Priest Master Training |
| 11:19 | Potion of Lesser Invulnerability |
| 11:26 | Brilliance Aura |
| 11:30 | Lesser Clarity Potion |
| 11:30 | Potion of Healing |
| 11:42 | Peasant |
| 11:42 | Peasant |
| 11:42 | Peasant |
| 11:46 | Peasant |
| 11:46 | Peasant |
| 12:24 | Town Hall |
| 13:09 | Arcane Vault |
| 13:37 | Peasant |
| 13:37 | Peasant |
| 13:37 | Peasant |
| 13:37 | Peasant |
| 14:42 | Spell Breaker |
| 14:47 | Scroll of Healing |
| 14:50 | Scroll of Town Portal |
| 14:50 | Scroll of Town Portal |
| 14:50 | Scroll of Town Portal |
| 14:50 | Scroll of Town Portal |
| 14:55 | Scout Tower |
| 15:51 | Spell Breaker |
| 16:27 | Spell Breaker |
| 16:45 | Spell Breaker |
| 16:49 | Arcane Tower |
| 16:59 | Peasant |
| 16:59 | Peasant |
| 16:59 | Peasant |
| 16:59 | Peasant |
| 16:59 | Peasant |
| 16:59 | Peasant |
| 17:13 | Potion of Healing |
| 17:31 | Sorceress |
| 17:38 | Arcane Tower |
| 17:39 | Peasant |
| 17:39 | Peasant |
| 17:39 | Peasant |
| 17:43 | Peasant |
| 17:43 | Peasant |
| 17:43 | Peasant |
| 17:43 | Peasant |
| 18:08 | Scroll of Town Portal |
| 18:28 | Storm Bolt |
| 19:30 | Spell Breaker |
| 19:31 | Priest |
| 19:35 | Farm |
| 19:37 | Peasant |
| 20:18 | Scroll of Town Portal |
| 20:19 | Lesser Clarity Potion |
| 20:20 | Scroll of Regeneration |
| 20:23 | Potion of Healing |
| 20:23 | Potion of Mana |
| 21:23 | Scroll of Healing |
| 21:23 | Scroll of Healing |
| 22:04 | Spell Breaker |
| 22:35 | Summon Water Elemental |
| 22:44 | Spell Breaker |
| 22:44 | Spell Breaker |
| 22:44 | Spell Breaker |
| 23:07 | Scroll of Regeneration |
| 23:14 | Scroll of Town Portal |
| 23:52 | Spell Breaker |
| 25:02 | Thunder Clap |
| 25:11 | Spell Breaker |
| 25:11 | Spell Breaker |
| 26:32 | Storm Bolt |
| 27:00 | Priest |
| 27:50 | Spell Breaker |
| 27:50 | Priest |
| 28:37 | Spell Breaker |
| 28:52 | Spell Breaker |
| 29:25 | Scroll of Town Portal |
| 29:27 | Potion of Lesser Invulnerability |
| 30:21 | Spell Breaker |
| 31:53 | Mass Teleport |
| 33:30 | Spell Breaker |
| 33:30 | Priest |
| 33:52 | Avatar |



| Rod of Necromancy | 6 | 900 |
| Orb of Corruption | 2 | 750 |
| Dust of Appearance | 1 | 75 |
| Scroll of Town Portal | 5 | 1750 |
| total: | 14 | 3475g |
| Acolyte | 11 | 825 | / | 0 |
| Ghoul | 3 | 360 | / | 0 |
| Crypt Fiend | 25 | 5375 | / | 1000 |
| Obsidian Statue | 12 | 2400 | / | 420 |
| Banshee | 8 | 1240 | / | 240 |
| Abomination | 4 | 960 | / | 280 |
| total: | 63 | 11160g | / | 1940w |
| Nerubian Tower | 6 | 600 | / | 120 |
| Spirit Tower | 5 | 725 | / | 200 |
| Crypt | 1 | 200 | / | 50 |
| Graveyard | 1 | 215 | / | 0 |
| Altar of Darkness | 1 | 180 | / | 50 |
| Ziggurat | 11 | 1650 | / | 550 |
| Tomb of Relics | 1 | 130 | / | 30 |
| Necropolis | 1 | 225 | / | 0 |
| Slaughterhouse | 1 | 140 | / | 135 |
| Temple of the Damned | 1 | 155 | / | 140 |
| Halls of the Dead | 4 | 1280 | / | 840 |
| Black Citadel | 3 | 975 | / | 690 |
| total: | 18 | 2895g | / | 955w |
| 0:04 | Acolyte |
| 0:10 | Crypt |
| 0:11 | Graveyard |
| 0:28 | Acolyte |
| 0:51 | Altar of Darkness |
| 1:03 | Ziggurat |
| 1:12 | Ghoul |
| 1:12 | Ghoul |
| 1:35 | Tomb of Relics |
| 1:56 | Crypt Fiend |
| 1:56 | Crypt Fiend |
| 2:03 | Ziggurat |
| 2:25 | Crypt Fiend |
| 2:25 | Crypt Fiend |
| 2:52 | Rod of Necromancy |
| 2:52 | Rod of Necromancy |
| 2:53 | Rod of Necromancy |
| 2:53 | Rod of Necromancy |
| 2:53 | Rod of Necromancy |
| 2:53 | Dust of Appearance |
| 2:59 | Death Coil |
| 3:14 | Crypt Fiend |
| 3:21 | Nerubian Tower |
| 3:21 | Nerubian Tower |
| 3:52 | Halls of the Dead |
| 3:52 | Halls of the Dead |
| 4:06 | Ghoul |
| 4:17 | Ziggurat |
| 4:23 | Unholy Aura |
| 4:24 | Unholy Aura |
| 4:45 | Crypt Fiend |
| 4:49 | Ziggurat |
| 5:38 | Crypt Fiend |
| 6:47 | Crypt Fiend |
| 6:52 | Slaughterhouse |
| 7:00 | Rod of Necromancy |
| 7:14 | Frost Nova |
| 7:28 | Crypt Fiend |
| 7:30 | Ziggurat |
| 7:32 | Temple of the Damned |
| 8:05 | Obsidian Statue |
| 8:12 | Death Coil |
| 8:41 | Banshee |
| 8:48 | Banshee |
| 9:01 | Scroll of Town Portal |
| 9:13 | Burrow |
| 9:36 | Crypt Fiend |
| 9:46 | Crypt Fiend |
| 10:04 | Frost Armor |
| 10:12 | Crypt Fiend |
| 10:35 | Banshee |
| 10:59 | Obsidian Statue |
| 11:24 | Black Citadel |
| 11:33 | Crypt Fiend |
| 11:33 | Crypt Fiend |
| 11:33 | Crypt Fiend |
| 11:33 | Crypt Fiend |
| 12:03 | Ziggurat |
| 12:30 | Death Pact |
| 12:30 | Death Pact |
| 12:56 | Banshee |
| 13:20 | Crypt Fiend |
| 13:41 | Obsidian Statue |
| 13:48 | Destroyer Form |
| 14:47 | Scroll of Town Portal |
| 14:52 | Ziggurat |
| 15:12 | Impale |
| 15:13 | Impale |
| 15:46 | Orb of Corruption |
| 15:46 | Orb of Corruption |
| 16:07 | Frost Nova |
| 16:07 | Frost Nova |
| 16:08 | Frost Armor |
| 16:14 | Obsidian Statue |
| 16:34 | Scroll of Town Portal |
| 17:08 | Acolyte |
| 17:26 | Banshee Adept Training |
| 17:26 | Banshee Master Training |
| 17:32 | Obsidian Statue |
| 17:32 | Obsidian Statue |
| 17:33 | Obsidian Statue |
| 19:11 | Spiked Carapace |
| 19:19 | Obsidian Statue |
| 19:27 | Necropolis |
| 19:48 | Acolyte |
| 19:50 | Ziggurat |
| 20:35 | Banshee |
| 20:45 | Nerubian Tower |
| 20:57 | Obsidian Statue |
| 21:03 | Acolyte |
| 21:07 | Abomination |
| 21:22 | Web |
| 22:25 | Crypt Fiend |
| 22:27 | Dark Ritual |
| 22:27 | Dark Ritual |
| 22:57 | Abomination |
| 22:57 | Crypt Fiend |
| 23:08 | Ziggurat |
| 23:10 | Death Coil |
| 23:15 | Banshee |
| 23:18 | Obsidian Statue |
| 23:29 | Scroll of Town Portal |
| 24:02 | Banshee |
| 24:02 | Crypt Fiend |
| 25:44 | Acolyte |
| 25:44 | Acolyte |
| 26:10 | Unholy Aura |
| 26:34 | Acolyte |
| 26:34 | Acolyte |
| 27:36 | Obsidian Statue |
| 27:37 | Crypt Fiend |
| 28:24 | Crypt Fiend |
| 28:25 | Obsidian Statue |
| 28:26 | Banshee |
| 28:36 | Ziggurat |
| 28:37 | Ziggurat |
| 28:45 | Crypt Fiend |
| 29:27 | Scroll of Town Portal |
| 29:42 | Nerubian Tower |
| 29:44 | Spirit Tower |
| 29:44 | Spirit Tower |
| 30:21 | Crypt Fiend |
| 32:13 | Crypt Fiend |
| 32:13 | Abomination |
| 32:51 | Abomination |
| 33:10 | Frost Nova |
| 33:13 | Unholy Aura |
| 33:13 | Unholy Aura |
| 33:33 | Acolyte |
| 33:34 | Acolyte |
| 33:40 | Impale |
98 units @ 15k
/ 2.3k
28 buildings @ 5k
/ 1.9k


| Healing Salve | 9 | 900 |
| Lesser Clarity Potion | 7 | 490 |
| Scroll of Speed | 6 | 300 |
| Potion of Healing | 2 | 300 |
| Scroll of Healing | 5 | 1250 |
| Scroll of Town Portal | 3 | 1050 |
| Circlet of Nobility | 1 | 175 |
| Potion of Lesser Invulnerability | 7 | 1050 |
| Staff of Teleportation | 1 | 150 |
| total: | 41 | 5665g |
| Peon | 9 | 675 | / | 0 |
| Grunt | 11 | 2200 | / | 0 |
| Raider | 9 | 1620 | / | 360 |
| Spirit Walker | 5 | 975 | / | 175 |
| Kodo Beast | 2 | 510 | / | 120 |
| Wind Rider | 3 | 795 | / | 120 |
| Troll Headhunter | 9 | 1260 | / | 180 |
| total: | 48 | 8035g | / | 955w |
| Watch Tower | 1 | 110 | / | 80 |
| Altar of Storms | 1 | 180 | / | 50 |
| Orc Burrow | 5 | 800 | / | 200 |
| Barracks | 1 | 180 | / | 50 |
| Voodoo Lounge | 1 | 130 | / | 30 |
| War Mill | 1 | 205 | / | 0 |
| Great Hall | 1 | 385 | / | 185 |
| Beastiary | 1 | 145 | / | 140 |
| Tauren Totem | 1 | 135 | / | 155 |
| Stronghold | 2 | 630 | / | 380 |
| total: | 13 | 2270g | / | 890w |
| 0:02 | Peon |
| 0:02 | Peon |
| 0:07 | Altar of Storms |
| 0:18 | Orc Burrow |
| 0:26 | Peon |
| 0:34 | Barracks |
| 0:44 | Peon |
| 0:44 | Peon |
| 1:03 | Peon |
| 1:04 | Peon |
| 1:24 | Voodoo Lounge |
| 1:28 | Peon |
| 1:34 | Grunt |
| 1:34 | Grunt |
| 1:39 | Peon |
| 2:10 | Wind Walk |
| 2:17 | Circlet of Nobility |
| 2:24 | Stronghold |
| 2:44 | Orc Burrow |
| 3:22 | Orc Burrow |
| 3:37 | Grunt |
| 3:44 | Grunt |
| 4:25 | Healing Salve |
| 4:26 | Lesser Clarity Potion |
| 4:27 | Scroll of Speed |
| 4:48 | Beastiary |
| 5:00 | Critical Strike |
| 5:02 | Tauren Totem |
| 5:26 | Orc Burrow |
| 5:45 | Healing Salve |
| 5:45 | Healing Salve |
| 5:46 | Scroll of Speed |
| 5:53 | Endurance Aura |
| 6:03 | Grunt |
| 6:04 | Ensnare |
| 6:32 | Raider |
| 6:33 | Spirit Walker |
| 7:10 | Raider |
| 7:18 | Berserker Strength |
| 7:20 | Spirit Walker |
| 7:35 | Raider |
| 7:55 | Raider |
| 8:26 | War Mill |
| 8:37 | Raider |
| 8:55 | Potion of Lesser Invulnerability |
| 8:55 | Potion of Lesser Invulnerability |
| 8:58 | Scroll of Healing |
| 8:58 | Scroll of Healing |
| 9:08 | Wind Walk |
| 9:15 | Lesser Clarity Potion |
| 9:16 | Potion of Healing |
| 9:36 | Grunt |
| 9:53 | Grunt |
| 9:58 | War Stomp |
| 10:29 | Scroll of Healing |
| 10:44 | Spirit Walker |
| 11:00 | Healing Salve |
| 11:08 | Healing Salve |
| 11:13 | Scroll of Speed |
| 11:13 | Scroll of Speed |
| 11:33 | Reinforced Defenses |
| 11:52 | Kodo Beast |
| 11:52 | Kodo Beast |
| 12:06 | Lesser Clarity Potion |
| 12:06 | Healing Salve |
| 12:11 | Critical Strike |
| 12:20 | Pillage |
| 12:25 | Raider |
| 13:17 | Staff of Teleportation |
| 13:27 | Spirit Walker |
| 13:29 | Orc Burrow |
| 13:43 | Steel Armor |
| 14:09 | War Stomp |
| 14:22 | Scroll of Speed |
| 14:23 | Lesser Clarity Potion |
| 14:24 | Potion of Lesser Invulnerability |
| 14:26 | Scroll of Healing |
| 14:27 | Scroll of Healing |
| 14:42 | Scroll of Town Portal |
| 14:42 | Scroll of Town Portal |
| 14:46 | Steel Melee Weapons |
| 15:25 | Spirit Walker Adept Training |
| 15:45 | Grunt |
| 15:46 | Raider |
| 16:11 | Grunt |
| 16:11 | Raider |
| 16:22 | Healing Salve |
| 16:24 | Lesser Clarity Potion |
| 16:44 | Watch Tower |
| 17:05 | Grunt |
| 17:17 | Grunt |
| 17:27 | Thorium Armor |
| 17:43 | Wind Rider |
| 17:43 | Wind Rider |
| 17:58 | Potion of Lesser Invulnerability |
| 19:14 | Spirit Walker |
| 19:15 | Troll Headhunter |
| 19:20 | Lesser Clarity Potion |
| 19:46 | Scroll of Town Portal |
| 19:47 | Potion of Lesser Invulnerability |
| 19:52 | Troll Headhunter |
| 20:29 | Great Hall |
| 20:36 | Troll Headhunter |
| 20:48 | Potion of Healing |
| 21:01 | Steel Ranged Weapons |
| 21:03 | Troll Headhunter |
| 21:04 | Troll Headhunter |
| 21:11 | Wind Rider |
| 22:19 | Endurance Aura |
| 22:23 | Critical Strike |
| 22:42 | Healing Salve |
| 23:41 | Troll Headhunter |
| 23:41 | Troll Headhunter |
| 24:12 | Raider |
| 24:43 | Troll Headhunter |
| 24:43 | Troll Headhunter |
| 25:55 | War Stomp |
| 28:39 | Lesser Clarity Potion |
| 28:39 | Healing Salve |
| 28:41 | Scroll of Speed |
| 29:19 | Potion of Lesser Invulnerability |
| 29:19 | Potion of Lesser Invulnerability |
| 30:26 | Reincarnation |
| 31:38 | Bladestorm |


| Lesser Clarity Potion | 4 | 280 |
| Staff of Preservation | 1 | 150 |
| Potion of Healing | 4 | 600 |
| Orb of Venom | 1 | 325 |
| Potion of Mana | 1 | 200 |
| Scroll of Town Portal | 4 | 1400 |
| Healing Salve | 2 | 200 |
| total: | 17 | 3155g |
| Wisp | 23 | 1380 | / | 0 |
| Huntress | 12 | 2340 | / | 240 |
| Dryad | 10 | 1450 | / | 600 |
| Mountain Giant | 5 | 1750 | / | 500 |
| total: | 50 | 6920g | / | 1340w |
| Altar of Elders | 1 | 180 | / | 50 |
| Moon Well | 7 | 1260 | / | 280 |
| Ancient of War | 2 | 300 | / | 120 |
| Hunter's Hall | 1 | 210 | / | 100 |
| Ancient of Wonders | 1 | 90 | / | 30 |
| Tree of Life | 1 | 340 | / | 185 |
| Ancient of Lore | 2 | 310 | / | 290 |
| Tree of Ages | 1 | 320 | / | 180 |
| Tree of Eternity | 1 | 330 | / | 200 |
| total: | 15 | 2690g | / | 1055w |
| 0:03 | Wisp |
| 0:03 | Wisp |
| 0:12 | Altar of Elders |
| 0:20 | Moon Well |
| 0:25 | Wisp |
| 0:35 | Wisp |
| 0:35 | Wisp |
| 0:53 | Wisp |
| 1:25 | Wisp |
| 1:25 | Wisp |
| 1:38 | Wisp |
| 1:57 | Ancient of War |
| 2:00 | Hunter's Hall |
| 2:12 | Moon Well |
| 2:13 | Wisp |
| 2:13 | Wisp |
| 2:29 | Entangling Roots |
| 3:00 | Ancient of War |
| 3:05 | Huntress |
| 3:23 | Moon Well |
| 3:24 | Ultravision |
| 3:25 | Wisp |
| 3:42 | Huntress |
| 3:47 | Huntress |
| 4:02 | Moon Well |
| 4:28 | Moon Well |
| 4:32 | Huntress |
| 4:41 | Huntress |
| 5:02 | Huntress |
| 5:34 | Force of Nature |
| 5:35 | Huntress |
| 5:42 | Ancient of Wonders |
| 5:54 | Huntress |
| 6:30 | Huntress |
| 7:01 | Tree of Ages |
| 7:19 | Huntress |
| 8:07 | Huntress |
| 8:37 | Moon Well |
| 9:19 | Force of Nature |
| 9:20 | Force of Nature |
| 9:31 | Huntress |
| 9:49 | Howl of Terror |
| 10:01 | Wisp |
| 10:01 | Wisp |
| 10:03 | Ancient of Lore |
| 10:04 | Ancient of Lore |
| 11:03 | Moon Well |
| 11:22 | Lesser Clarity Potion |
| 11:22 | Scroll of Town Portal |
| 11:25 | Staff of Preservation |
| 11:27 | Dryad |
| 11:56 | Abolish Magic |
| 11:57 | Dryad |
| 12:19 | Dryad |
| 12:51 | Dryad |
| 13:33 | Tree of Life |
| 13:49 | Cleaving Attack |
| 14:22 | Wisp |
| 14:22 | Wisp |
| 14:22 | Wisp |
| 15:00 | Tree of Eternity |
| 15:38 | Mountain Giant |
| 15:56 | Mountain Giant |
| 17:02 | Scroll of Town Portal |
| 17:07 | Entangling Roots |
| 17:22 | Hardened Skin |
| 17:22 | Resistant Skin |
| 17:27 | Wisp |
| 17:27 | Wisp |
| 17:27 | Wisp |
| 17:28 | Wisp |
| 17:40 | Howl of Terror |
| 19:02 | Mountain Giant |
| 19:35 | Wisp |
| 19:35 | Wisp |
| 19:42 | Well Spring |
| 19:48 | Scroll of Town Portal |
| 19:50 | Potion of Healing |
| 19:50 | Lesser Clarity Potion |
| 20:28 | Healing Salve |
| 20:39 | Healing Salve |
| 20:59 | Dryad |
| 21:30 | Dryad |
| 22:27 | Force of Nature |
| 22:36 | Cleaving Attack |
| 23:25 | Scroll of Town Portal |
| 25:15 | Dryad |
| 25:15 | Dryad |
| 25:51 | Cleaving Attack |
| 26:02 | Tranquility |
| 26:04 | Tranquility |
| 26:05 | Tranquility |
| 27:25 | Orb of Venom |
| 27:25 | Potion of Healing |
| 28:22 | Mountain Giant |
| 29:00 | Lesser Clarity Potion |
| 29:01 | Potion of Healing |
| 29:42 | Dryad |
| 30:27 | Doom |
| 31:38 | Mountain Giant |
| 32:48 | Dryad |
| 33:39 | Potion of Healing |
| 33:39 | Potion of Mana |
| 33:40 | Lesser Clarity Potion |